 Dungeon Crawl Stone Soup version 0.29.1-2-gbd0b4ee654 (webtiles) character file.

Game seed: 18113692018115547711

1373 Acheron the Ruffian (level 8, -4/75 HPs)
             Began as a Troll Gladiator on Nov 14, 2022.
             Was an Initiate of Nemelex Xobeh.
             Slain by a goblin
             ... wielding a +0 spear
              (5 damage)
             ... on level 7 of the Dungeon.
             The game lasted 00:15:12 (3251 turns).

Acheron the Ruffian (Troll Gladiator)               Turns: 3251, Time: 00:15:15

Health: -4/75      AC:  4    Str: 29    XL:     8   Next: 39%
Magic:  7/7        EV: 11    Int:  6    God:    Nemelex Xobeh [......]
Gold:   231        SH:  0    Dex: 11    Spells: 7/7 levels left

rFire   . . .      SeeInvis +     - Unarmed
rCold   . . .      Faith    .   (no shield)
rNeg    . . .      Spirit   .   a - +0 robe
rPois   .          Reflect  .   b - +0 hat
rElec   .          Harm     .   (no cloak)
rCorr   .          Rampage  .   (gloves unavailable)
Will    .....                   (boots unavailable)
Stlth   ++........              (no amulet)
HPRegen 1.02/turn               n - +6 ring of strength
MPRegen 0.10/turn               q - ring of see invisible

@: attractive
A: large, unfitting armour, claws 3, regeneration 1, shaggy fur 1, tough skin 1
a: Renounce Religion, Draw Escape, Draw Destruction, Draw Summoning


You were on level 7 of the Dungeon.
You worshipped Nemelex Xobeh.
Nemelex Xobeh was noncommittal.
You visited 2 branches of the dungeon, and saw 8 of its levels.

You collected 231 gold pieces.

Inventory:

Hand Weapons
 l - a +3 vorpal falchion
 s - a +0 vorpal battleaxe
 t - a +0 flail
 v - a +0 war axe
 x - a +4 morningstar
Missiles
 c - 3 throwing nets
 d - a large rock
 m - 3 javelins (quivered)
 y - a boomerang
Armour
 a - a +0 robe (worn)
 b - a +0 hat (worn)
Magical Staves
 j - a staff of poison
Jewellery
 n - a +6 ring of strength (left claw)
 q - a ring of see invisible (right claw)
 u - an amulet of guardian spirit
Scrolls
 o - a scroll of fear
 w - 2 scrolls of magic mapping
Potions
 e - a potion of haste {unknown}
 f - a potion of ambrosia {unknown}
 g - a potion of magic {unknown}
 h - 2 potions of brilliance
 i - 2 potions of flight {unknown}
 k - 2 potions of mutation {unknown}
 p - a potion of curing {unknown}
 r - a potion of lignification {unknown}
 z - a potion of attraction


   Skills:
 * Level 3.3 Fighting
 * Level 3.7 Throwing
 * Level 4.3 Dodging
 * Level 1.4 Stealth
 * Level 7.6 Unarmed Combat
 * Level 1.1 Evocations


You had 7 spell levels left.
You didn't know any spells.
Your spell library contained the following spells:

 Spells                   Type           Power      Damage    Failure   Level
 Ensorcelled Hibernation  Hex/Ice        0%         N/A       58%         2
 Passwall                 Tmut/Erth      0%         N/A       58%         2
 Gell's Gravitas          Tloc           0%         N/A       83%         3
 Lesser Beckoning         Tloc           0%         N/A       83%         3
 Swiftness                Air            0%         N/A       83%         3
 Teleport Other           Tloc           0%         N/A       83%         3


Dungeon Overview and Level Annotations

Branches:
Dungeon (7/15)             Temple (1/1) D:4

Altars:
Ashenzari
Cheibriados
Elyvilon
Fedhas
Hepliaklqana
Makhleb
Nemelex Xobeh
Okawaru
Sif Muna
Trog
Uskayaw
Wu Jian
Xom
Yredelemnul
The Shining One

Portals:
Bailey: D:7

Annotations:
D:3 Grinder
D:6 3 runed translucent doors, Henri's ghost, novice VSEn


Innate Abilities, Weirdness & Mutations

You are too large for most types of armour.
You have claws for hands.
Your natural rate of healing is unusually fast.
You are covered in fur. (AC +1)
You have tough skin. (AC +1)


Message History

A goblin comes into view. It is wielding a +0 spear.
A goblin, an orc wizard and 2 orc priests come into view.
The goblin shouts! x3
A centaur comes into view.
The goblin barely misses you.
The orc priest shouts! x2; The centaur shouts!
Found a flagged portal.
The centaur wields a +0 shortbow.
The centaur shoots an arrow.
The arrow hits you!
The goblin hits you from afar with a +0 spear.
The goblin hits you with a +0 spear.
The orc wizard gestures wildly while chanting.
The orc wizard flickers and vanishes for a moment.
The orc priest mumbles some strange prayers to Beogh against you.
Beogh smites you! The goblin barely misses you.
The centaur shoots an arrow.
The arrow misses you. The goblin attacks as you move away!
The goblin hits you with a +0 spear.
The centaur shoots an arrow.
The arrow hits you! The goblin closely misses you.
The centaur shoots an arrow.
The arrow hits you. The scorpion attacks as you move away!
The scorpion closely misses you.
The centaur shoots an arrow.
The arrow hits you!
* * * LOW HITPOINT WARNING * * *
The centaur shoots an arrow.
The arrow hits you.
* * * LOW HITPOINT WARNING * * *
The centaur shoots an arrow.
The arrow hits you.
* * * LOW HITPOINT WARNING * * *
The scorpion attacks as you move away! The scorpion misses you.
The centaur shoots an arrow.
The arrow hits you.
* * * LOW HITPOINT WARNING * * *
The centaur shoots an arrow.
The arrow hits you!
* * * LOW HITPOINT WARNING * * *
There is a stone staircase leading down here.
It was a potion of attraction.
You feel attractive to monsters.
The scorpion stings you but does no damage.
The centaur shoots an arrow.
The arrow barely misses you.
The goblin hits you from afar with a +0 spear.
* * * LOW HITPOINT WARNING * * *
The goblin hits you from afar with a +0 spear.
You die...
Your body disappears without a glow.

.............#
≈~~...#......# ~# #
#≈..........# ~#
..#~.........c# ~#
∩..~..........# ~#
#~.....o....#
~#####≈.......o..#
≈~~~~~~.....g.g..#####
.............ggs@....#
###........o#.###.#
............+...
.#..........#.###
#..........#.#
#.#.......#..#
#.#######.#.## #....#
###..#


You could see a centaur, a scorpion, 2 orc priests, an orc wizard (invisible)
and 4 goblins.

Vanquished Creatures
  Eustachio (D:5)
  A black bear (D:7)
  2 ice beasts (D:5)
  2 ogres
  A kobold brigand (D:5)
  3 scorpions
  4 wights (D:6)
  2 hounds
  A jelly (D:6)
  3 iguanas
  2 gnolls (D:5)
  6 adders
  A shadow imp (D:6)
  A white imp (D:6)
  A worm (D:1)
  3 dart slugs
  10 orcs
  A bat (D:1)
  An endoplasm (D:2)
  4 giant cockroaches (D:1)
  8 goblins
  8 hobgoblins
  3 jackals (D:1)
  3 quokkas
  4 ball pythons
  5 frilled lizards
  6 kobolds
  8 rats
95 creatures vanquished.

Notes
Turn   | Place    | Note
-------+----------+-------------------------------------------
     0 | D:1      | Acheron the Troll Gladiator began the quest for the Orb.
     0 | D:1      | Reached XP level 1. HP: 19/19 MP: 0/0
   120 | D:1      | Reached XP level 2. HP: 28/28 MP: 1/1
   331 | D:1      | Reached XP level 3. HP: 35/35 MP: 2/2
   468 | D:1      | Found a faded altar of an unknown god.
   762 | D:2      | Reached XP level 4. HP: 40/42 MP: 3/3
   944 | D:2      | Reached skill level 4 in Unarmed Combat
  1346 | D:3      | Noticed Grinder
  1352 | D:4      | Found a staircase to the Ecumenical Temple.
  1365 | D:4      | Reached XP level 5. HP: 44/49 MP: 4/4
  1383 | Temple   | Entered the Ecumenical Temple
  1976 | D:5      | Entered Level 5 of the Dungeon
  1976 | D:5      | Noticed an ice beast
  2001 | D:5      | Killed an ice beast
  2002 | D:5      | Reached skill level 5 in Unarmed Combat
  2002 | D:5      | Reached XP level 6. HP: 43/59 MP: 5/5
  2054 | D:5      | Noticed Eustachio
  2063 | D:5      | Killed Eustachio
  2251 | D:5      | Reached XP level 7. HP: 66/66 MP: 6/6
  2289 | D:5      | Reached skill level 6 in Unarmed Combat
  2315 | D:4      | You fall into a shaft and drop 2 floors!
  2574 | D:6      | Reached skill level 1 in Stealth
  2781 | D:6      | Found a runed translucent gate.
  2781 | D:6      | Noticed Henri's ghost (novice VSEn)
  2782 | D:6      | Found a runed translucent gate.
  2783 | D:6      | Found a runed translucent gate.
  2815 | D:5      | Reached XP level 8. HP: 62/75 MP: 7/7
  2952 | D:5      | Reached skill level 7 in Unarmed Combat
  3140 | D:6      | Reached skill level 1 in Evocations
  3182 | D:6      | Found a sparkling altar of Nemelex Xobeh.
  3194 | D:6      | Became a worshipper of Nemelex Xobeh the Trickster
  3244 | D:7      | Found a flagged portal.
  3250 | D:7      | HP: 2/75 [centaur/arrow (9)]
  3251 | D:7      | Slain by a goblin

Illustrated notes

Levels and vault maps discovered:
D:1:      lightli_arrival_windingriver, layout_rooms,
          dreamdust_ecumenical_altar_sealed_demon, corexii_leaking_fountain,
          chequers_jeans, minmay_worlds_worst_comb
D:2:      layout_loops_cross
D:3:      layout_rooms, nicolae_gozag_seed_capital, uniq_sigmund, uniq_grinder
D:4:      layout_basic, minmay_temple_entry_mist, dreamdust_princess_bridge
D:5:      layout_basic, serial_curves, eino_curves_03, eino_curves_02,
          uniq_eustachio
D:6:      layout_basic, overflow_temple_1_default, biasface_ghost_orc_armoury,
          lightli_orcish_oven
D:7:      layout_basic, enter_bailey_3, gammafunk_ghost_gnarly_gnolls,
          minmay_misc_feat_five
Temple:   minmay_temple_curvy_branch

Skill      XL: |  1  2  3  4  5  6  7  8 |
---------------+-------------------------+-----
Dodging        | 3 4 |  4.3
Throwing       | 2 3 |  3.7
Fighting       | 2 3 |  3.3
Unarmed Combat | 4 5 6 7 |  7.6
Stealth        | 1 |  1.4
Evocations     | 1 |  1.1

Action                   |  1- 3 |  4- 6 |  7- 9 || total
-------------------------+-------+-------+-------++-------
Melee: Unarmed           |    95 |    85 |    65 ||   245
       Punch             |       |     5 |     2 ||     7
Throw: Javelin           |       |     2 |    13 ||    15
  Use: Scroll            |       |     8 |     2 ||    10
       Potion            |       |       |     1 ||     1
 Stab: Sleeping          |       |     1 |     1 ||     2
Armor: Robe              |    33 |    24 |    11 ||    68
Dodge: Dodged            |    46 |    40 |    24 ||   110
